 Dungeon Sprint DCSS version 0.27-a0-1456-gf5a116941d (webtiles) character file.

Game seed: 2978733865714072564

19961 mhtbhm the Impaler (level 12, -5/128 HPs)
             Began as a Black Draconian Berserker on July 6, 2021.
             Was the Champion of Trog.
             Slain by a spriggan defender (19 damage)
             ... in the Dungeon (Sprint III: "The Ten Rune Challenge").
             The game lasted 00:08:35 (3518 turns).

mhtbhm the Impaler (Black Draconian Berserker)      Turns: 3518, Time: 00:08:36

Health: -5/128     AC: 12    Str: 24      XL:     12   Next: 41%
Magic:  11/12      EV: 20    Int:  8 (9)  God:    Trog [******]
Gold:   722        SH:  0    Dex: 10      Spells: 11/11 levels left

rFire    . . .     SeeInvis .   a - +4 bardiche (flame)
rCold    . . .     Faith    .   (shield currently unavailable)
rNeg     . . .     Spirit   .   (armour unavailable)
rPois    .         Reflect  .   p - +1 hat {Stlth+}
rElec    +         Harm     .   t - +1 cloak of Starlight {*Dazzle EV+4 Stlth--}
rCorr    .         Rampage  .   (no gloves)
Will     .....     NoTele   +   r - +0 pair of boots
Stlth    ++........             (no amulet)
HPRegen  0.31/turn              (no ring)
MPRegen  0.13/turn              (no ring)

@: on berserk cooldown, slowed, very slow
A: breathe lightning, AC +8, unfitting armour, electricity resistance,
cold-blooded
a: Breathe Lightning, Renounce Religion, Berserk, Trog's Hand, Brothers in Arms


You were in the Dungeon.
You worshipped Trog.
Trog was exalted by your worship.
You visited 1 branch You collected 1415 gold pieces.
You spent 693 gold pieces at shops.

Inventory:

Hand Weapons
 a - a +4 bardiche of flaming (weapon)
 o - a +3 vorpal glaive
Missiles
 c - 6 javelins
 s - 7 curare-tipped darts (quivered)
Armour
 p - a +1 hat of stealth (worn)
 r - a +0 pair of boots (worn)
 t - the +1 cloak of Starlight (worn) {*Dazzle EV+4 Stlth--}
   (You bought it in a shop in the Dungeon)

   EV:        It affects your evasion (+4).
   Stlth:     It makes you much less stealthy.
Scrolls
 g - 2 scrolls of blinking
 i - 2 scrolls of immolation {unknown}
 j - a scroll of fog {unknown}
 m - a scroll of identify {unknown}
 u - 2 scrolls of holy word
Potions
 b - a potion of curing
 d - a potion of haste
 e - 2 potions of magic
 f - a potion of berserk rage
 h - 2 potions of degeneration {unknown}
 k - 2 potions of flight {unknown}
 l - 5 potions of mutation
 q - a potion of lignification {unknown}
Miscellaneous
 n - a lightning rod (4/4)


   Skills:
 + Level 18.3 Fighting
 + Level 20.6 Polearms
 + Level 12.4 Dodging
 + Level 7.1 Stealth
 + Level 5.9 Evocations


You had 11 spell levels left.
You didn't know any spells.
Your spell library was empty.

Dungeon Overview and Level Annotations

Branches:
Dungeon (1/1)

Altars:
Cheibriados
Dithmenos
Elyvilon
Fedhas
Gozag
Hepliaklqana
Kikubaaqudgha
Makhleb
Nemelex Xobeh
Okawaru
Qazlal
Ru
Sif Muna
Trog
Uskayaw
Vehumet
Wu Jian
Xom
Yredelemnul
Zin
The Shining One
Beogh
Jiyva
Lugonu

Shops:
D *!(=[?*(![?:


Innate Abilities, Weirdness & Mutations

You can breathe wild blasts of lightning.
Your glossy black scales are hard. (AC +8)
You cannot fit into any form of body armour.
You are resistant to electric shocks. (rElec)
You are cold-blooded and may be slowed by cold attacks.


Message History

You are too injured to fight recklessly!
You are too injured to fight recklessly!
You are too injured to fight recklessly!
You miss the spriggan defender.
The spriggan defender hits you with a +0 dagger!
You miss the spriggan defender.
The spriggan defender hits you but does no damage.
The spriggan defender hits you with a +0 dagger!
* * * LOW HITPOINT WARNING * * *
You miss the spriggan defender.
The spriggan defender closely misses you.
You barely miss the spriggan defender.
The spriggan defender hits you with a +0 dagger!
* * * LOW HITPOINT WARNING * * *
You closely miss the spriggan defender.
Your tail-slap misses the spriggan defender.
The spriggan defender closely misses you.
You miss the spriggan defender.
The spriggan defender hits you with a +0 dagger!!
* * * LOW HITPOINT WARNING * * *
You cut the spriggan defender into ribbons!!!
You burn the spriggan defender.
Your tail-slap misses the spriggan defender.
The spriggan defender is severely wounded.
The spriggan defender misses you.
Unknown command.
You carve the spriggan defender like a ham!!!
You burn the spriggan defender.
You kill the spriggan defender!
Trog accepts your kill.
Unknown command.
You miss the spriggan defender.
Your tail-slap misses the spriggan defender.
You are no longer berserk.
You are exhausted.
You feel yourself slow down.
The spriggan defender hits you with a +0 dagger.
* * * LOW HITPOINT WARNING * * *
The spriggan defender hits you with a +0 dagger!!
You die...

#'##### #.....+
#.#########
#.#$P......
#.#PP...i.########
#.#.....###.∩⌠⌠∩.#
#.#i..###§#.∩⌠⌠∩.#
#.#i###§§§#.∩∩.∩.#
#.#@#..§§§#.∩∩∩∩.#
#.#§§§....#......#
#.#§§§....###§'###
#§§§§§....#§§§.⌠.#
#########.#§§§...#
#...§....#
.§.........#
.............#
##############


You could see 2 spriggan defenders.

Vanquished Creatures
  Sigmund (D)
  Gastronok (D)
  2 dire elephants (D)
  Josephine (D)
  A centaur warrior (D)
  Urug (D)
  A deep elf knight (D)
  An orange crystal statue (D)
  A lindwurm (D)
  An orc knight (D)
  2 deep elf zephyrmancers (D)
  2 deep elf pyromancers (D)
  2 elephants (D)
  2 cane toads (D)
  2 unseen horrors (D)
  A komodo dragon (D)
  3 wandering mushrooms (D)
  A queen bee (D)
  2 spriggan defenders (D)
  2 tyrant leeches (D)
  2 orc high priests (D)
  5 blink frogs (D)
  A shadow (D)
  3 redbacks (D)
  A spatial vortex (D)
  2 orc warriors (D)
  A swamp drake (D)
  A necrophage (D)
  2 centaurs (D)
  An earth elemental (D)
  A water elemental (D)
  32 killer bees (D)
  A jelly (D)
  3 orc priests (D)
  Jessica (D)
  A wizard (D)
  A necromancer (D)
  4 orc wizards (D)
  3 humans (D)
  A kobold demonologist (D)
  A phantom (D)
  9 orcs (D)
  An endoplasm (D)
  A hobgoblin (D)
  2 rats (D)
111 creatures vanquished.

Vanquished Creatures (collateral kills)
  A deep elf zephyrmancer (D)
  Edmund (D)
2 creatures vanquished.

Vanquished Creatures (others)
  2 hydras (D)
  A rime drake (D)
  An electric eel (D)
  13 plants (D)
17 creatures vanquished.

Grand Total: 130 creatures vanquished

Notes
Turn   | Place    | Note
-------+----------+-------------------------------------------
     0 | D        | mhtbhm the Draconian Berserker began the quest for the Orb.
     0 | D        | Reached XP level 1. HP: 19/19 MP: 1/1
    20 | D        | Noticed Jessica
    22 | D        | Reached ** piety under Trog
    27 | D        | Killed Jessica
    28 | D        | Reached skill level 4 in Polearms
    28 | D        | Reached XP level 2. HP: 28/28 MP: 2/2
    28 | D        | Reached XP level 3. HP: 35/35 MP: 3/3
   116 | D        | Reached skill level 5 in Fighting
   116 | D        | Reached skill level 5 in Polearms
   168 | D        | Reached *** piety under Trog
   219 | D        | Noticed a water elemental
   222 | D        | Killed a water elemental
   223 | D        | Reached skill level 6 in Polearms
   223 | D        | Reached skill level 5 in Dodging
   223 | D        | Reached XP level 4. HP: 45/45 MP: 4/4
   263 | D        | Found a radiant altar of Vehumet.
   263 | D        | Found a shimmering blue altar of Sif Muna.
   263 | D        | Found an ancient bone altar of Kikubaaqudgha.
   263 | D        | Noticed a wizard
   265 | D        | Killed a wizard
   273 | D        | Reached **** piety under Trog
   274 | D        | Reached XP level 5. HP: 52/52 MP: 5/5
   327 | D        | Found a basalt altar of Yredelemnul.
   327 | D        | Found a shadowy altar of Dithmenos.
   327 | D        | Found a sacrificial altar of Ru.
   327 | D        | Noticed a necrophage
   331 | D        | Killed a necrophage
   332 | D        | Reached skill level 7 in Polearms
   334 | D        | Reached skill level 8 in Polearms
   379 | D        | Found a hide-covered altar of Uskayaw.
   379 | D        | Found an iron altar of Okawaru.
   379 | D        | Found a bloodstained altar of Trog.
   379 | D        | Found an ornate altar of the Wu Jian Council.
   379 | D        | Noticed a human
   379 | D        | Noticed a human
   386 | D        | Killed a human
   387 | D        | Reached skill level 9 in Polearms
   387 | D        | Reached skill level 1 in Stealth
   387 | D        | Reached XP level 6. HP: 66/66 MP: 6/6
   402 | D        | Killed a human
   402 | D        | Reached ***** piety under Trog
   403 | D        | Reached skill level 10 in Fighting
   403 | D        | Your scales start taking on a glossy black colour.
   403 | D        | Reached XP level 7. HP: 55/72 MP: 7/7
   403 | D        | Gained mutation: You are resistant to electric shocks.
                  | (rElec) [Black Draconian growth]
   559 | D        | Found a glowing silver altar of Zin.
   561 | D        | Found a glowing golden altar of the Shining One.
   561 | D        | Found a white marble altar of Elyvilon.
   561 | D        | Noticed a deep elf pyromancer
   565 | D        | Killed a deep elf pyromancer
   566 | D        | Reached skill level 11 in Polearms
   608 | D        | Noticed a shadow
   615 | D        | Killed a shadow
   615 | D        | Received a gift from Trog
   616 | D        | Reached XP level 8. HP: 83/83 MP: 8/8
   670 | D        | Found a blossoming altar of Fedhas.
   670 | D        | Found a stormy altar of Qazlal.
   670 | D        | Found a snail-covered altar of Cheibriados.
   670 | D        | Found a burning altar of Makhleb.
   670 | D        | Found a shimmering altar of Xom.
   671 | D        | Found a hazy altar of Hepliaklqana.
   671 | D        | Found an opulent altar of Gozag.
   671 | D        | Found a sparkling altar of Nemelex Xobeh.
   671 | D        | Found a corrupted altar of Lugonu.
   671 | D        | Found a viscous altar of Jiyva.
   697 | D        | Noticed Josephine
   709 | D        | Killed Josephine
   710 | D        | Reached skill level 13 in Polearms
   710 | D        | Reached XP level 9. HP: 60/92 MP: 3/9
   991 | D        | Noticed a centaur warrior
   994 | D        | Received a gift from Trog
   998 | D        | Killed a centaur warrior
   999 | D        | Reached skill level 14 in Polearms
   999 | D        | Reached skill level 10 in Dodging
  1078 | D        | Killed an unseen horror
  1104 | D        | HP: 4/95 [something (3)]
  1108 | D        | Killed an unseen horror
  1365 | D        | Noticed a wandering mushroom
  1369 | D        | Noticed a wandering mushroom
  1385 | D        | Killed a wandering mushroom
  1386 | D        | Noticed a wandering mushroom
  1396 | D        | Killed a wandering mushroom
  1396 | D        | Received a gift from Trog
  1397 | D        | Reached skill level 15 in Polearms
  1397 | D        | Reached XP level 10. HP: 95/104 MP: 3/10
  1449 | D        | Reached ****** piety under Trog
  1449 | D        | Received a gift from Trog
  1451 | D        | Reached skill level 15 in Fighting
  1451 | D        | Reached skill level 1 in Evocations
  1452 | D        | Received a gift from Trog
  1456 | D        | Reached skill level 16 in Polearms
  1466 | D        | Received a gift from Trog
  1478 | D        | Received a gift from Trog
  1555 | D        | Noticed an orc knight
  1558 | D        | Received a gift from Trog
  1566 | D        | Killed an orc knight
  1567 | D        | Received a gift from Trog
  1569 | D        | Found Upsakk's General Store.
  1655 | D        | Noticed a deep elf knight
  1655 | D        | Noticed a deep elf zephyrmancer
  1655 | D        | Noticed a deep elf zephyrmancer
  1655 | D        | Noticed a deep elf zephyrmancer
  1655 | D        | Noticed a deep elf pyromancer
  1664 | D        | Killed a deep elf zephyrmancer
  1678 | D        | Killed a deep elf knight
  1679 | D        | Reached skill level 17 in Polearms
  1680 | D        | Killed a deep elf pyromancer
  1681 | D        | Reached XP level 11. HP: 30/114 MP: 11/11
  1685 | D        | Killed a deep elf zephyrmancer
  1685 | D        | Received a gift from Trog
  1686 | D        | Killed a deep elf zephyrmancer
  1932 | D        | Noticed a deep elf demonologist
  1932 | D        | Noticed a deep elf death mage
  1934 | D        | Noticed a deep elf annihilator
  2115 | D        | Received a gift from Trog
  2350 | D        | Noticed a lindwurm
  2352 | D        | Killed a lindwurm
  2353 | D        | Reached skill level 18 in Polearms
  2356 | D        | Reached skill level 5 in Evocations
  2361 | D        | Noticed Urug
  2368 | D        | Killed Urug
  2543 | D        | Received a gift from Trog
  2603 | D        | Noticed a dire elephant
  2603 | D        | Noticed a dire elephant
  2603 | D        | Noticed Gastronok
  2616 | D        | Killed a dire elephant
  2617 | D        | Reached skill level 19 in Polearms
  2617 | D        | Reached skill level 5 in Stealth
  2627 | D        | Killed a dire elephant
  2627 | D        | Received a gift from Trog
  2636 | D        | Killed Gastronok
  2637 | D        | Reached XP level 12. HP: 62/127 MP: 12/12
  2961 | D        | Noticed Sigmund
  2961 | D        | Noticed Edmund
  2977 | D        | Killed Sigmund
  2978 | D        | Reached skill level 20 in Polearms
  2990 | D        | Killed Edmund
  2996 | D        | Killed a four-headed hydra
  3148 | D        | Killed a six-headed hydra
  3325 | D        | Received a gift from Trog
  3402 | D        | Found Ytygobb's General Store.
  3402 | D        | Found Osug's Antique Weapon Shop.
  3402 | D        | Found Xaeq's Book Shoppe.
  3402 | D        | Found Heytyges's Magic Scroll Boutique.
  3402 | D        | Found Ywanooc's Magic Scroll Shop.
  3402 | D        | Found Muech's Antique Armour Emporium.
  3402 | D        | Found Aqoloa's Distillery.
  3403 | D        | Found Basokha's Armour Boutique.
  3403 | D        | Found Apeg Orch's Jewellery Shoppe.
  3403 | D        | Found Haxoq's Weapon Shop.
  3403 | D        | Found Eloafel's Distillery.
  3442 | D        | Bought the +1 cloak of Starlight {*Dazzle EV+4 Stlth--} for
                  | 305 gold pieces
  3442 | D        | Found the +1 cloak of Starlight {*Dazzle EV+4 Stlth--}
  3448 | D        | Bought a scroll of holy word for 97 gold pieces
  3448 | D        | Bought a scroll of holy word for 97 gold pieces
  3457 | D        | Bought a scroll of blinking for 97 gold pieces
  3457 | D        | Bought a scroll of enchant weapon for 97 gold pieces
  3518 | D        | Slain by a spriggan defender

Illustrated notes

Levels and vault maps discovered:
D:        dungeon_sprint_mu [sprint_mu_entry_forest, sprint_mu_temple_rooms,
          sprint_mu_d1_horrors, sprint_mu_d2_genie, sprint_mu_d3_branching,
          sprint_mu_orc_legion, sprint_mu_elf_gauntlet, sprint_mu_hive_nellie,
          sprint_mu_lair_fedhas, sprint_mu_vaults_butterflies,
          sprint_mu_slime_circle, sprint_mu_shoals_kraken,
          sprint_mu_snake_twists, sprint_mu_blade_basic,
          sprint_mu_crypt_chambers, sprint_mu_tomb_spiral,
          sprint_mu_vestibule_basic, sprint_mu_gehenna_hellfire,
          sprint_mu_dis_giant, sprint_mu_tartarus_statrot,
          sprint_mu_cocytus_islands, sprint_mu_zot1]

Skill      XL: |  1  2  3  4  5  6  7  8  9 10 11 12 |
---------------+-------------------------------------+-----
Dodging        | 4 5 7 9 10 11 12 | 12.4
Fighting       | 4 6 7 9 10 11 12 14 16 17 18 | 18.3
Polearms       | 4 6 9 11 13 15 17 19 20 | 20.6
Stealth        | 1 2 3 6 7 |  7.1
Evocations     | 3 5 |  5.9

Action                   |  1- 3 |  4- 6 |  7- 9 | 10-12 || total
-------------------------+-------+-------+-------+-------++-------
Melee: Spear             |    29 |    36 |    12 |       ||    77
       Tailslap          |     3 |     2 |     8 |    16 ||    29
       Halberd           |       |       |    73 |     2 ||    75
       Glaive            |       |       |       |   159 ||   159
       Bardiche          |       |       |       |    24 ||    24
Invok: Berserk           |     3 |     3 |     5 |    11 ||    22
       Brothers in Arms  |       |       |       |     2 ||     2
 Abil: Breathe Lightning |       |       |     2 |     5 ||     7
Evoke: Lightning rod     |       |       |     1 |    13 ||    14
  Use: Potion            |       |       |     1 |     3 ||     4
       Scroll            |       |       |       |     1 ||     1
 Stab: Sleeping          |       |       |       |     4 ||     4
       Invisible         |       |       |       |     1 ||     1
Armor: Skin              |     2 |     1 |    16 |    14 ||    33
Dodge: Dodged            |    11 |     7 |    22 |    95 ||   135

Table legend: (Time is in decaauts)
 A = Elapsed time spent in this place.
 B = Non-inter-level travel time spent in this place.
 C = Inter-level travel time spent in this place.
 D = Time resting spent in this place.
 E = Time spent auto-exploring this place.
 F = Levels seen in this place.
 G = Mean time per level.
                   A        B        C        D        E       F      G
               +--------+--------+--------+--------+--------+-----+--------+
         Total |   3657 |   3657 |      0 |   2500 |      1 |   1 | 3657.0 |
       Dungeon |   3657 |   3657 |      0 |   2500 |      1 |   1 | 3657.0 |
               +--------+--------+--------+--------+--------+-----+--------+

Top non-repeatable levels by time:
       D: 3657 daAuts
